[Event "CZE-ch U10 2020"]
[Site "Kouty nad Desnou"]
[Date "2020.03.09"]
[Round "3.1"]
[White "Delgerdalai, Bayarjavkhlan"]
[Black "Alidis, Myron"]
[Result "1-0"]
[ECO "B80"]
[WhiteElo "1553"]
[BlackElo "1395"]
[Annotator "NA RC"]
[PlyCount "119"]
[EventDate "2020.03.07"]
[EventCountry "CZE"]
[SourceTitle "playchess.com"]
[Source "ChessBase"]
[SourceQuality "1"]
[TimeControl "5400+30"]

1. e4 c5 2. Nf3 e6 3. d4 cxd4 4. Nxd4 Nf6 5. Nc3 d6 6. Be3 Be7 7. f3 O-O 8. Qd2 Nc6 9. O-O-O d5 10. Be2 Qa5 11. Nb3 Qd8 12. Kb1 dxe4 13. Qxd8 Rxd8 14. Rxd8+ Bxd8 15. fxe4 Bb6 16. Bxb6 axb6 17. Rd1 Bd7 18. h4 e5 19. Nd5 Nxd5 20. Rxd5 Rd8 21. Rb5 Nd4 22. Nxd4 Bxb5 23. Nxb5 Rd2 24. Bf3 g6 25. Kc1 Rf2 26. Nd6 Rf1+ 27. Kd2 Rh1 28. h5 gxh5 29. Nxb7 h4 30. Bg4 Kf8 31. Nd6 Rf1 32. Bh3 Ke7 33. Nc8+ Kf6 34. Nxb6 Kg5 35. Nd5 f5 36. exf5 Rf2+ 37. Ke3 Rxc2 38. f6 Kg6 39. b4 Rxa2 40. b5 Rb2 41. b6 Rb5 42. Ke4 Rxb6 43. Nxb6 Kxf6 44. Nd7+ Kg5 45. Kxe5 h6 46. Nf8 Kh5 47. Bf5 Kg5 48. Ng6 Kh5 49. Nxh4 Kxh4 50. Kf6 h5 51. Kg6 Kg3 52. Bh3 Kh4 53. Kh6 Kg3 54. Kxh5 Kf4 55. g4 Ke5 56. g5 Kd6 57. g6 Ke7 58. g7 Kf7 59. Kh6 Kg8 60. Be6# 1-0

[Event "CZE-ch U10 2020"]
[Site "Kouty nad Desnou"]
[Date "2020.03.09"]
[Round "3.2"]
[White "Gorej, Vojtech"]
[Black "Chon, Jeremy"]
[Result "1-0"]
[ECO "B27"]
[WhiteElo "1360"]
[BlackElo "1449"]
[Annotator "NA RC"]
[PlyCount "99"]
[EventDate "2020.03.07"]
[EventCountry "CZE"]
[SourceTitle "playchess.com"]
[Source "ChessBase"]
[SourceQuality "1"]
[TimeControl "5400+30"]

1. e4 c5 2. Nf3 g6 3. d4 cxd4 4. Qxd4 Nf6 5. e5 Nc6 6. Qa4 Nd5 7. Qe4 Nc7 8. Bf4 Bg7 9. Nc3 O-O 10. O-O-O Ne6 11. Bg3 Nc5 12. Qe3 b6 13. h4 h5 14. Bf4 Kh7 15. Ng5+ Kg8 16. f3 f6 17. Bc4+ Kh8 18. Nf7+ Rxf7 19. Bxf7 fxe5 20. Bh6 Qf8 21. Bxg7+ Kxg7 22. Bd5 Bb7 23. Bxc6 Bxc6 24. Qxe5+ Kh7 25. Rhe1 e6 26. Ne4 Nxe4 27. fxe4 Qe7 28. Rf1 Rf8 29. g3 Rxf1 30. Rxf1 Qg7 31. Qxg7+ Kxg7 32. e5 a6 33. Kd2 Be4 34. Kc3 Kg8 35. Kb3 Kg7 36. c4 Kh6 37. Kc3 Kg7 38. b4 b5 39. a4 Bc6 40. cxb5 axb5 41. a5 Kg8 42. a6 Kg7 43. a7 Kg8 44. Kd4 Kg7 45. Kc5 Kg8 46. Kd6 Bg2 47. Kc7 Kg7 48. Kb8 Kg8 49. a8=Q Bxa8 50. Kxa8 1-0

[Event "CZE-ch U10 2020"]
[Site "Kouty nad Desnou"]
[Date "2020.03.09"]
[Round "3.3"]
[White "Svadlenka, Dominik"]
[Black "Krautschneider, Daniel Jan"]
[Result "1/2-1/2"]
[ECO "E13"]
[WhiteElo "1410"]
[BlackElo "1236"]
[Annotator "NA"]
[PlyCount "133"]
[EventDate "2020.03.07"]
[EventCountry "CZE"]
[SourceTitle "playchess.com"]
[Source "ChessBase"]
[SourceQuality "1"]
[TimeControl "5400+30"]

1. d4 Nf6 2. c4 e6 3. Nc3 Bb4 4. Bg5 h6 5. Bh4 b6 6. Nf3 Bb7 7. e3 d5 8. a3 Bxc3+ 9. bxc3 Nbd7 10. cxd5 exd5 11. Bd3 O-O 12. O-O c5 13. Rb1 Qc7 14. Bg3 Qc6 15. Bb5 Qe6 16. a4 Ne4 17. Qc2 Rac8 18. Qb2 Ndf6 19. Rfc1 c4 20. a5 a6 21. Ba4 b5 22. Bc2 Nxg3 23. hxg3 Ne4 24. Bxe4 Qxe4 25. Ne5 Bc6 26. Qb4 f6 27. Nf3 Bb7 28. Qb2 Rc7 29. Nh4 g5 30. Nf3 Bc8 31. Nd2 Qh7 32. Kh2 h5 33. Rh1 Bf5 34. Rbc1 Qh8 35. Qb4 Rh7 36. Qd6 h4 37. Qxd5+ Rff7 38. g4 Bxg4 39. Qa8+ Kg7 40. Qxa6 Qb8+ 41. Kg1 Ra7 42. Qb6 Qxb6 43. axb6 Ra6 44. Rb1 Rxb6 45. Nxc4 Rc6 46. Na3 Rxc3 47. Nxb5 Rc6 48. Ra1 Kg6 49. f3 Bd7 50. Rb1 Rb6 51. Nc3 Rc6 52. Ne4 Bf5 53. Kf2 Re7 54. Rbc1 Rxc1 55. Rxc1 Bxe4 56. fxe4 Rxe4 57. Kf3 Re8 58. d5 Kf5 59. Re1 g4+ 60. Kf2 Ke4 61. d6 Ke5 62. d7 Rd8 63. Rd1 Ke6 64. Rd4 f5 65. Rf4 Rxd7 66. e4 Ke5 67. Rxf5+ 1/2-1/2

[Event "CZE-ch U10 2020"]
[Site "Kouty nad Desnou"]
[Date "2020.03.09"]
[Round "3.4"]
[White "Stefaniv, Vladyslav"]
[Black "Bouska, Jiri"]
[Result "0-1"]
[ECO "B38"]
[WhiteElo "1265"]
[BlackElo "1643"]
[Annotator "NA RC"]
[PlyCount "56"]
[EventDate "2020.03.07"]
[EventCountry "CZE"]
[SourceTitle "playchess.com"]
[Source "ChessBase"]
[SourceQuality "1"]
[TimeControl "5400+30"]

1. e4 c5 2. c4 Nc6 3. Nf3 g6 4. d4 cxd4 5. Nxd4 Bg7 6. Be3 Nf6 7. Nc3 O-O 8. Be2 a6 9. O-O Nxd4 10. Bxd4 d6 11. f4 Bd7 12. Rc1 Rc8 13. Bd3 Bg4 14. Qd2 Qa5 15. Be3 Qd8 16. Qc2 Be6 17. Ne2 Ng4 18. Bf2 Nxf2 19. Rxf2 b5 20. Qb3 bxc4 21. Bxc4 Rb8 22. Qa4 Bxc4 23. Qxc4 Rxb2 24. Qxa6 Qd7 25. h3 Qe6 26. a4 Qxe4 27. Nc3 Bxc3 28. Rxc3 Qe1+ 0-1

[Event "CZE-ch U10 2020"]
[Site "Kouty nad Desnou"]
[Date "2020.03.09"]
[Round "3.6"]
[White "Ruzicka, Oto"]
[Black "Stary, Vojtech"]
[Result "0-1"]
[ECO "C35"]
[WhiteElo "1168"]
[BlackElo "1559"]
[Annotator "NA"]
[PlyCount "102"]
[EventDate "2020.03.07"]
[EventCountry "CZE"]
[SourceTitle "playchess.com"]
[Source "ChessBase"]
[SourceQuality "1"]
[TimeControl "5400+30"]

1. e4 e5 2. f4 exf4 3. Nf3 Be7 4. Bc4 Bh4+ 5. Kf1 Be7 6. Nc3 d6 7. d4 Nf6 8. Bxf4 O-O 9. Ke2 Bg4 10. Rf1 Nbd7 11. a3 Nb6 12. Ba2 d5 13. Qd3 dxe4 14. Nxe4 Nbd5 15. Bg3 c6 16. Kf2 Nxe4+ 17. Qxe4 Be6 18. Kg1 Bf6 19. Rad1 Qb6 20. Bd6 Rfd8 21. c4 Rxd6 22. c5 Qxb2 23. Rf2 Qxa3 24. cxd6 Qxd6 25. Ne5 Nc3 26. Qe1 Nxd1 27. Qxd1 Bxa2 28. Nf3 Be6 29. Rb2 Qd7 30. Rd2 Bg4 31. Ne5 Bxd1 32. Nxd7 Bg4 33. Nc5 b5 34. Na6 h6 35. Nb4 c5 36. dxc5 Bc3 37. Rd3 Bxb4 38. Rd4 Bxc5 39. Kf2 Bxd4+ 40. Kg3 Be6 41. Kf4 b4 42. Ke4 Bf6 43. Kd3 b3 44. Kd2 b2 45. Kc2 Bf5+ 46. Kd2 b1=Q 47. Ke3 Qe4+ 48. Kf2 Qd3 49. g3 Rb8 50. Ke1 Qc2 51. Kf1 Rb1# 0-1

[Event "CZE-ch U10 2020"]
[Site "Kouty nad Desnou"]
[Date "2020.03.09"]
[Round "3.7"]
[White "Roubal, Matyas"]
[Black "Bulawa, Adam"]
[Result "0-1"]
[ECO "B28"]
[WhiteElo "1380"]
[BlackElo "1014"]
[Annotator "NA"]
[PlyCount "92"]
[EventDate "2020.03.07"]
[EventCountry "CZE"]
[SourceTitle "playchess.com"]
[Source "ChessBase"]
[SourceQuality "1"]
[TimeControl "5400+30"]

1. e4 c5 2. Nf3 a6 3. Nc3 Nc6 4. g3 e5 5. Bg2 Nf6 6. d3 Be7 7. O-O d6 8. Bg5 h6 9. Bxf6 Bxf6 10. Nd5 O-O 11. Nd2 Re8 12. Nc4 b5 13. Nce3 Ra7 14. h4 Nb4 15. Nxb4 cxb4 16. Nd5 a5 17. Qh5 Be6 18. Kh2 Bxd5 19. exd5 Rc7 20. Rac1 e4 21. Bxe4 Bxb2 22. Rce1 Re5 23. Qf3 Qd7 24. g4 g6 25. Qg2 Qe7 26. Qh3 Rxc2 27. Kh1 Bd4 28. f4 Bc3 29. fxe5 Bxe1 30. Rxe1 Qxe5 31. d4 Qe7 32. Qg3 Rc3 33. Qh2 Kh8 34. Kg1 f5 35. Qf4 fxe4 36. Rxe4 Rc1+ 37. Kg2 Rc2+ 38. Kf1 Qg7 39. Re8+ Kh7 40. Qe3 Qf7+ 41. Ke1 Rc7 42. Qe6 Rc1+ 43. Ke2 Qf1+ 44. Kd2 Qf4+ 45. Qe3 Qxe3+ 46. Kxe3 Re1+ 0-1

[Event "CZE-ch U10 2020"]
[Site "Kouty nad Desnou"]
[Date "2020.03.09"]
[Round "3.8"]
[White "Svadlenka, Michal"]
[Black "Stejskal, Jakub"]
[Result "1-0"]
[ECO "C54"]
[WhiteElo "1309"]
[BlackElo "1557"]
[Annotator "NA RC"]
[PlyCount "45"]
[EventDate "2020.03.07"]
[EventCountry "CZE"]
[SourceTitle "playchess.com"]
[Source "ChessBase"]
[SourceQuality "1"]
[TimeControl "5400+30"]

1. e4 e5 2. Nf3 Nc6 3. Bc4 Bc5 4. c3 Nf6 5. d3 d6 6. Nbd2 Be6 7. Bb3 O-O 8. Nf1 Ng4 9. d4 exd4 10. cxd4 Bxb3 11. axb3 Bb4+ 12. Bd2 Bxd2+ 13. Qxd2 Re8 14. Ng3 Nf6 15. Qf4 Qe7 16. O-O Nxe4 17. Rfe1 d5 18. Rac1 Rad8 19. Ne5 Nxe5 20. dxe5 Qxe5 21. Qxe5 Rxe5 22. Rxc7 Rb8 23. f3 1-0

[Event "CZE-ch U10 2020"]
[Site "Kouty nad Desnou"]
[Date "2020.03.09"]
[Round "3.9"]
[White "Komarek, Tobias"]
[Black "Vana, Jan"]
[Result "0-1"]
[ECO "B38"]
[WhiteElo "1235"]
[BlackElo "1268"]
[Annotator "NA RC"]
[PlyCount "98"]
[EventDate "2020.03.07"]
[EventCountry "CZE"]
[SourceTitle "playchess.com"]
[Source "ChessBase"]
[SourceQuality "1"]
[TimeControl "5400+30"]

1. e4 c5 2. Nf3 Nc6 3. d4 cxd4 4. Nxd4 g6 5. c4 Bg7 6. Be3 Nf6 7. Nc3 O-O 8. Be2 Qa5 9. O-O d6 10. a3 Nxd4 11. Bxd4 Be6 12. Nd5 Bxd5 13. cxd5 Nxe4 14. Bxg7 Kxg7 15. Re1 Qb6 16. Rf1 Rac8 17. Bf3 Nf6 18. Re1 Rc7 19. Qd2 Rfc8 20. b4 Rc2 21. Qe3 Qxe3 22. Rxe3 Rc1+ 23. Re1 Rxa1 24. Rxa1 Nd7 25. Bg4 Rc7 26. Bxd7 Rxd7 27. Rc1 Kf6 28. Rc3 Ke5 29. Rf3 f6 30. Rh3 h5 31. Rg3 g5 32. h4 g4 33. Rd3 f5 34. Kf1 f4 35. Ke2 Rc7 36. g3 Ke4 37. gxf4 Rc2+ 38. Rd2 Rxd2+ 39. Kxd2 Kxf4 40. Kd3 Kf3 41. Kc4 Kxf2 42. b5 g3 43. Kb4 g2 44. Ka5 g1=Q 45. Ka4 Qd1+ 46. Kb4 Qd2+ 47. Ka4 Qc2+ 48. Ka5 Qc4 49. a4 Qc3# 0-1

[Event "CZE-ch U10 2020"]
[Site "Kouty nad Desnou"]
[Date "2020.03.09"]
[Round "3.10"]
[White "Chernyy, Andrey"]
[Black "Melnikov, Ivan"]
[Result "1/2-1/2"]
[ECO "B01"]
[WhiteElo "1208"]
[BlackElo "1253"]
[Annotator "NA RC"]
[PlyCount "69"]
[EventDate "2020.03.07"]
[EventCountry "CZE"]
[SourceTitle "playchess.com"]
[Source "ChessBase"]
[SourceQuality "1"]
[TimeControl "5400+30"]

1. e4 d5 2. exd5 Nf6 3. Nc3 Nxd5 4. Nf3 Nc6 5. d4 Bf5 6. a3 e6 7. Be2 Be7 8. O-O Bf6 9. Nxd5 Qxd5 10. Be3 O-O-O 11. c3 h5 12. b4 g5 13. b5 g4 14. bxc6 gxf3 15. Bxf3 Be4 16. cxb7+ Kb8 17. Bxe4 Qxe4 18. Re1 Rdg8 19. g3 Qd5 20. Rc1 Qc4 21. Qc2 h4 22. Qe4 Be7 23. Bd2 Rg6 24. Re3 f5 25. Qe5 Rgh6 26. Re2 Bd6 27. Qe3 Qd5 28. c4 Qc6 29. Qd3 Rg6 30. Re3 hxg3 31. fxg3 Rg4 32. d5 exd5 33. cxd5 Qd7 34. Rc4 Qh7 35. Re2 1/2-1/2

[Event "CZE-ch U10 2020"]
[Site "Kouty nad Desnou"]
[Date "2020.03.09"]
[Round "3.11"]
[White "Milek, Tobias"]
[Black "Letal, Hynek"]
[Result "1/2-1/2"]
[ECO "B70"]
[WhiteElo "1163"]
[BlackElo "1127"]
[Annotator "NA RC"]
[PlyCount "110"]
[EventDate "2020.03.07"]
[EventCountry "CZE"]
[SourceTitle "playchess.com"]
[Source "ChessBase"]
[SourceQuality "1"]
[TimeControl "5400+30"]

1. e4 c5 2. Nf3 d6 3. d4 cxd4 4. Nxd4 Nf6 5. Nc3 g6 6. g3 Bg7 7. Bg2 O-O 8. O-O Nc6 9. Be3 Bd7 10. Re1 Ng4 11. Nxc6 Bxc6 12. Qxg4 Rc8 13. Bd2 f5 14. exf5 Bxg2 15. Kxg2 Rxf5 16. Qe4 e5 17. Qd5+ Kh8 18. Qxb7 Rc7 19. Qe4 Rcf7 20. Rf1 Qb6 21. Nd1 Qb5 22. Ne3 Qe2 23. Be1 Bh6 24. Bd2 Rxf2+ 25. Rxf2 Rxf2+ 26. Kg1 Qxd2 27. Nf1 Qxc2 28. Qa8+ Rf8 29. Qxa7 Qxb2 30. Re1 Qc3 31. Rb1 Qc5+ 32. Qxc5 dxc5 33. Re1 Re8 34. a4 Kg7 35. a5 Kf6 36. g4 Bf4 37. Ne3 Bxe3+ 38. Rxe3 Ra8 39. Ra3 e4 40. Kf2 Ke5 41. Ke3 g5 42. a6 Kd5 43. Ra5 Ra7 44. h3 h6 45. Ra4 c4 46. Ra5+ Kc6 47. Kxe4 c3 48. Kd3 Kb6 49. Ra3 Rd7+ 50. Kxc3 Ka7 51. Kc2 Rd6 52. Ra4 Re6 53. Kd2 Rb6 54. Kc2 Rf6 55. Ra3 Rf2+ 1/2-1/2

[Event "CZE-ch U10 2020"]
[Site "Kouty nad Desnou"]
[Date "2020.03.09"]
[Round "3.12"]
[White "Srba, Daniel"]
[Black "Soucek, Andrej"]
[Result "1-0"]
[ECO "B32"]
[WhiteElo "1145"]
[BlackElo "1043"]
[Annotator "NA RC"]
[PlyCount "115"]
[EventDate "2020.03.07"]
[EventCountry "CZE"]
[SourceTitle "playchess.com"]
[Source "ChessBase"]
[SourceQuality "1"]
[TimeControl "5400+30"]

1. e4 c5 2. Nf3 Nc6 3. d4 cxd4 4. Nxd4 g6 5. b3 Bg7 6. Bb2 Nf6 7. f3 O-O 8. Nxc6 dxc6 9. Nc3 Qxd1+ 10. Rxd1 Be6 11. Bd3 Rfd8 12. O-O Bh6 13. f4 Kf8 14. e5 Nd5 15. Ne2 Ne3 16. Rde1 Nxf1 17. Rxf1 Bf5 18. Bxf5 gxf5 19. Ng3 e6 20. Nh5 Rd2 21. Bc1 Rxc2 22. h3 Rxa2 23. Be3 b6 24. Rf3 Rd8 25. Kh2 Rd3 26. Nf6 Re2 27. Bc5+ bxc5 28. Rxd3 Bxf4+ 29. Kg1 Bxe5 30. Kf1 Rc2 31. Nd7+ Kg7 32. Nxe5 Rc1+ 33. Kf2 Rc2+ 34. Kf3 Kf6 35. Nxc6 e5 36. Rd6+ Kg5 37. Nxe5 Rc3+ 38. Rd3 Rxd3+ 39. Nxd3 Kf6 40. Nxc5 Ke5 41. Na6 h5 42. Nb4 Ke6 43. Kf4 Kf6 44. Nc6 Ke6 45. Nxa7 Kd5 46. Kxf5 Kd4 47. Kg5 Kc3 48. Kxh5 Kxb3 49. Kg5 Kc2 50. h4 Kd3 51. h5 Ke4 52. h6 Ke3 53. h7 Kf2 54. h8=Q f6+ 55. Qxf6+ Kxg2 56. Kg4 Kg1 57. Kg3 Kh1 58. Qf1# 1-0

[Event "CZE-ch U10 2020"]
[Site "Kouty nad Desnou"]
[Date "2020.03.09"]
[Round "4.1"]
[White "Gorej, Vojtech"]
[Black "Delgerdalai, Bayarjavkhlan"]
[Result "0-1"]
[ECO "B80"]
[WhiteElo "1360"]
[BlackElo "1553"]
[Annotator "NA"]
[PlyCount "56"]
[EventDate "2020.03.07"]
[EventCountry "CZE"]
[SourceTitle "playchess.com"]
[Source "ChessBase"]
[SourceQuality "1"]
[TimeControl "5400+30"]

1. e4 c5 2. Nf3 d6 3. d4 cxd4 4. Nxd4 Nf6 5. Nc3 a6 6. Be3 e6 7. Qd2 Be7 8. f3 Qc7 9. O-O-O b5 10. Kb1 Bb7 11. g4 Nc6 12. Nxc6 Bxc6 13. h4 O-O 14. g5 Nd7 15. h5 b4 16. Ne2 Ne5 17. Bg2 Nc4 18. Qd3 Bb5 19. Qd4 e5 20. Qd5 Nxe3 21. Qb3 Nxd1 22. g6 Bxe2 23. f4 Nf2 24. h6 Nxh1 25. gxh7+ Kxh7 26. hxg7 Kxg7 27. Bxh1 Rh8 28. Qg3+ Kf8 0-1

[Event "CZE-ch U10 2020"]
[Site "Kouty nad Desnou"]
[Date "2020.03.09"]
[Round "4.2"]
[White "Krautschneider, Daniel Jan"]
[Black "Bouska, Jiri"]
[Result "1-0"]
[ECO "B34"]
[WhiteElo "1236"]
[BlackElo "1643"]
[Annotator "NA"]
[PlyCount "55"]
[EventDate "2020.03.07"]
[EventCountry "CZE"]
[SourceTitle "playchess.com"]
[Source "ChessBase"]
[SourceQuality "1"]
[TimeControl "5400+30"]

1. e4 c5 2. Nf3 Nc6 3. d4 cxd4 4. Nxd4 g6 5. Nc3 Bg7 6. Be3 Nf6 7. f3 O-O 8. Bc4 Qb6 9. Qd2 Qb4 10. Bb3 Nxd4 11. Qxd4 Qxd4 12. Bxd4 d6 13. O-O-O Be6 14. Bxf6 Bxf6 15. Nd5 Bxd5 16. Bxd5 a5 17. h4 a4 18. g4 Ra6 19. g5 Bg7 20. h5 Rb6 21. b3 axb3 22. Bxb3 Ra8 23. f4 e6 24. hxg6 hxg6 25. Rhf1 Rba6 26. f5 Bc3 27. Rf3 Be5 28. fxe6 1-0

[Event "CZE-ch U10 2020"]
[Site "Kouty nad Desnou"]
[Date "2020.03.09"]
[Round "4.4"]
[White "Stary, Vojtech"]
[Black "Svadlenka, Michal"]
[Result "1/2-1/2"]
[ECO "B76"]
[WhiteElo "1559"]
[BlackElo "1309"]
[Annotator "NA"]
[PlyCount "91"]
[EventDate "2020.03.07"]
[EventCountry "CZE"]
[SourceTitle "playchess.com"]
[Source "ChessBase"]
[SourceQuality "1"]
[TimeControl "5400+30"]

1. e4 c5 2. Nf3 d6 3. d4 cxd4 4. Nxd4 Nf6 5. Nc3 g6 6. Be3 Bg7 7. f3 O-O 8. Qd2 Nc6 9. g4 Bd7 10. h4 h5 11. g5 Ne8 12. O-O-O Rb8 13. f4 e6 14. Bh3 e5 15. Nde2 Bxh3 16. Rxh3 exf4 17. Bxf4 Ne5 18. Bxe5 Bxe5 19. Nd5 Nc7 20. Nec3 Nxd5 21. Nxd5 Qd7 22. Rhh1 Qa4 23. Kb1 Qxe4 24. Nf6+ Bxf6 25. gxf6 Kh7 26. Qxd6 Rbd8 27. Qe7 Rxd1+ 28. Rxd1 Qxe7 29. fxe7 Re8 30. Rd7 Kg7 31. Rxb7 a5 32. c3 Kf6 33. Kc2 Rxe7 34. Rxe7 Kxe7 35. b4 axb4 36. cxb4 Kd6 37. Kd3 f6 38. Ke4 g5 39. hxg5 fxg5 40. Kf3 Kc6 41. a4 Kb6 42. a5+ Ka6 43. Kg3 h4+ 44. Kh3 Kb5 45. Kg4 Ka6 46. Kh3 1/2-1/2

[Event "CZE-ch U10 2020"]
[Site "Kouty nad Desnou"]
[Date "2020.03.09"]
[Round "4.5"]
[White "Chon, Jeremy"]
[Black "Bulawa, Adam"]
[Result "1-0"]
[ECO "D04"]
[WhiteElo "1449"]
[BlackElo "1014"]
[Annotator "NA"]
[PlyCount "125"]
[EventDate "2020.03.07"]
[EventCountry "CZE"]
[SourceTitle "playchess.com"]
[Source "ChessBase"]
[SourceQuality "1"]
[TimeControl "5400+30"]

1. d4 d5 2. Nf3 Nf6 3. e3 Bg4 4. Nbd2 e6 5. h3 Bh5 6. Be2 Bd6 7. O-O Nbd7 8. c4 c6 9. b3 O-O 10. Bb2 Qc7 11. c5 Be7 12. Rc1 h6 13. Qc2 Bg6 14. Bd3 Bxd3 15. Qxd3 b6 16. b4 a5 17. a3 axb4 18. axb4 Rfb8 19. Ra1 Kh8 20. Rxa8 Rxa8 21. Ra1 Rxa1+ 22. Bxa1 Kg8 23. Qa3 bxc5 24. bxc5 Qb7 25. Qa4 g6 26. Nb3 Bd8 27. Ne1 Kg7 28. Nc2 Nb8 29. Nb4 h5 30. Bc3 Ne4 31. Be1 Nf6 32. Kf1 Bc7 33. Ke2 Ne4 34. Kd1 Kh7 35. Kc2 Nf6 36. Kb2 Kg7 37. Nd3 Na6 38. Ba5 Bxa5 39. Qxa5 Nd7 40. Ka3 Nc7 41. Nb4 Nb5+ 42. Kb2 Nf6 43. Qa6 Qxa6 44. Nxa6 Nd7 45. Na5 Na7 46. Nb4 Nb8 47. g4 hxg4 48. hxg4 f5 49. g5 Kf7 50. f4 Ke7 51. Nd3 Nd7 52. Kb3 Kf7 53. Kb4 Ke7 54. Nb7 Nb5 55. Ka5 Nc7 56. Nb4 Nb8 57. Kb6 Kd7 58. Na5 Nb5 59. Naxc6 Nxc6 60. Nxc6 Nc3 61. Nb4 Nd1 62. Nc2 Nf2 63. Kb7 1-0

[Event "CZE-ch U10 2020"]
[Site "Kouty nad Desnou"]
[Date "2020.03.09"]
[Round "4.6"]
[White "Vana, Jan"]
[Black "Svadlenka, Dominik"]
[Result "1-0"]
[ECO "D63"]
[WhiteElo "1268"]
[BlackElo "1410"]
[Annotator "NA"]
[PlyCount "57"]
[EventDate "2020.03.07"]
[EventCountry "CZE"]
[SourceTitle "playchess.com"]
[Source "ChessBase"]
[SourceQuality "1"]
[TimeControl "5400+30"]

1. d4 d5 2. c4 e6 3. Nc3 Nf6 4. cxd5 exd5 5. Bg5 Be7 6. Nf3 O-O 7. e3 Nbd7 8. Bd3 b6 9. Rc1 Bb7 10. O-O c5 11. Bb1 a6 12. Qc2 c4 13. Ne5 g6 14. Bh6 Re8 15. f4 b5 16. f5 b4 17. Nxf7 Kxf7 18. fxg6+ Kg8 19. Ne2 Ne4 20. Ng3 Ndf6 21. Qe2 hxg6 22. Nxe4 dxe4 23. g4 Kh7 24. g5 Nd5 25. Bxe4 Bxg5 26. Qh5 Qb6 27. Bxg5+ Kg8 28. Bxg6 Qc7 29. Bf7+ 1-0

[Event "CZE-ch U10 2020"]
[Site "Kouty nad Desnou"]
[Date "2020.03.09"]
[Round "4.7"]
[White "Melnikov, Ivan"]
[Black "Roubal, Matyas"]
[Result "0-1"]
[ECO "C55"]
[WhiteElo "1253"]
[BlackElo "1380"]
[Annotator "NA"]
[PlyCount "66"]
[EventDate "2020.03.07"]
[EventCountry "CZE"]
[SourceTitle "playchess.com"]
[Source "ChessBase"]
[SourceQuality "1"]
[TimeControl "5400+30"]

1. e4 e5 2. Nf3 Nc6 3. d4 exd4 4. Bc4 Nf6 5. e5 d5 6. Bb5 Ne4 7. Nxd4 Bd7 8. O-O Nxd4 9. Bxd7+ Qxd7 10. Qxd4 Bc5 11. Qd1 O-O-O 12. b4 Bxb4 13. Ba3 Bxa3 14. Nxa3 Qe7 15. Nb5 Qc5 16. Rb1 a6 17. Nd4 Nc3 18. Qg4+ Kb8 19. Rb3 Qxd4 20. Qh3 Ne2+ 21. Kh1 Qc4 22. Rfb1 b6 23. Qe3 d4 24. Qf3 b5 25. a4 Nc3 26. axb5 Nxb1 27. bxa6+ Kc8 28. Rb8+ Kd7 29. Rxb1 Rb8 30. Rd1 Rhd8 31. h3 Ke7 32. a7 Ra8 33. Qa3+ c5 0-1

[Event "CZE-ch U10 2020"]
[Site "Kouty nad Desnou"]
[Date "2020.03.09"]
[Round "4.8"]
[White "Srba, Daniel"]
[Black "Stefaniv, Vladyslav"]
[Result "1-0"]
[ECO "B40"]
[WhiteElo "1145"]
[BlackElo "1265"]
[Annotator "NA"]
[PlyCount "75"]
[EventDate "2020.03.07"]
[EventCountry "CZE"]
[SourceTitle "playchess.com"]
[Source "ChessBase"]
[SourceQuality "1"]
[TimeControl "5400+30"]

1. e4 c5 2. Nf3 e6 3. d4 cxd4 4. Nxd4 Nf6 5. Nc3 Nc6 6. Bb5 Bb4 7. f3 O-O 8. Bg5 Bxc3+ 9. bxc3 Qa5 10. Nxc6 Qxc3+ 11. Bd2 Qc5 12. Rb1 bxc6 13. Bb4 Qe3+ 14. Qe2 Qxe2+ 15. Bxe2 Re8 16. O-O d5 17. e5 Nd7 18. f4 f6 19. Bd6 Kf7 20. h4 Nb6 21. exf6 Kxf6 22. Be5+ Kf7 23. h5 g6 24. hxg6+ hxg6 25. Rf3 Nd7 26. Bd6 Kg7 27. Rg3 Rh8 28. Bd3 Rh6 29. c4 Ba6 30. cxd5 Bxd3 31. Rxd3 cxd5 32. Rb7 Rc8 33. Rxd7+ Kg8 34. Be5 Rc1+ 35. Kf2 Rc2+ 36. Kg3 Rxa2 37. Rg7+ Kf8 38. Rc3 1-0

[Event "CZE-ch U10 2020"]
[Site "Kouty nad Desnou"]
[Date "2020.03.09"]
[Round "4.9"]
[White "Policar, Martin"]
[Black "Ruzicka, Oto"]
[Result "0-1"]
[ECO "C36"]
[WhiteElo "1264"]
[BlackElo "1168"]
[Annotator "NA"]
[PlyCount "54"]
[EventDate "2020.03.07"]
[EventCountry "CZE"]
[SourceTitle "playchess.com"]
[Source "ChessBase"]
[SourceQuality "1"]
[TimeControl "5400+30"]

1. e4 e5 2. f4 d5 3. exd5 exf4 4. Nf3 Nf6 5. Nc3 Nxd5 6. d4 Bg4 7. Bc4 c6 8. O-O Be7 9. Qe2 Nxc3 10. bxc3 O-O 11. Bxf4 Nd7 12. Rfe1 Re8 13. Rab1 b5 14. Bd3 Nf6 15. Qe3 Bd6 16. Ne5 Qc7 17. Qg3 Re6 18. Nxg4 Bxf4 19. Nxf6+ Rxf6 20. Qh3 Rh6 21. Qf3 Bxh2+ 22. Kf1 Rf6 23. Bf5 g6 24. Rxb5 cxb5 25. Qxa8+ Kg7 26. Ke2 Rxf5 27. Kd1 Qxc3 0-1

[Event "CZE-ch U10 2020"]
[Site "Kouty nad Desnou"]
[Date "2020.03.09"]
[Round "4.10"]
[White "Stejskal, Jakub"]
[Black "Komarek, Tobias"]
[Result "0-1"]
[ECO "C45"]
[WhiteElo "1557"]
[BlackElo "1235"]
[Annotator "NA"]
[PlyCount "70"]
[EventDate "2020.03.07"]
[EventCountry "CZE"]
[SourceTitle "playchess.com"]
[Source "ChessBase"]
[SourceQuality "1"]
[TimeControl "5400+30"]

1. e4 e5 2. Nf3 Nc6 3. d4 exd4 4. Nxd4 Bc5 5. Be3 Qf6 6. c3 Nge7 7. Bc4 Ne5 8. Be2 d5 9. O-O dxe4 10. f4 exf3 11. Bxf3 Nxf3+ 12. Rxf3 Qb6 13. b4 Bxd4 14. Bxd4 Qc6 15. Qd3 O-O 16. Nd2 Be6 17. Ne4 Bd5 18. Re1 f5 19. Rg3 Ng6 20. Ng5 f4 21. Rg4 Rae8 22. Nf3 Rxe1+ 23. Nxe1 Qe6 24. Qd1 Re8 25. Nd3 Bc4 26. Rg5 Bxd3 27. Qxd3 Qe1+ 28. Qf1 Qh4 29. Qc4+ Kh8 30. Rd5 Re1+ 31. Qf1 Rxf1+ 32. Kxf1 h6 33. g3 fxg3 34. hxg3 Qh1+ 35. Ke2 Qxd5 0-1

[Event "CZE-ch U10 2020"]
[Site "Kouty nad Desnou"]
[Date "2020.03.09"]
[Round "4.11"]
[White "Letal, Hynek"]
[Black "Chernyy, Andrey"]
[Result "0-1"]
[ECO "C70"]
[WhiteElo "1127"]
[BlackElo "1208"]
[Annotator "NA"]
[PlyCount "66"]
[EventDate "2020.03.07"]
[EventCountry "CZE"]
[SourceTitle "playchess.com"]
[Source "ChessBase"]
[SourceQuality "1"]
[TimeControl "5400+30"]

1. e4 e5 2. Nf3 Nc6 3. Bb5 a6 4. Ba4 Nge7 5. c3 g6 6. d4 exd4 7. cxd4 Bg7 8. d5 Ne5 9. Nxe5 Bxe5 10. f4 Bg7 11. O-O O-O 12. f5 b5 13. Bb3 gxf5 14. exf5 Be5 15. f6 Ng6 16. d6 cxd6 17. Bh6 Bxb2 18. Bxf8 Qxf8 19. Qd5 Rb8 20. Nd2 Bxa1 21. Rxa1 Bb7 22. Qg5 Kh8 23. Rc1 Bc6 24. Nf3 Re8 25. Qh5 Bxf3 26. Qxf3 Ne5 27. Qf5 Qh6 28. Rf1 Rg8 29. Rd1 Ng4 30. Qd3 Qxh2+ 31. Kf1 Qh1+ 32. Ke2 Qxg2+ 33. Ke1 Qf2# {[%emt 0:00:02] Qd4} 0-1

[Event "CZE-ch U10 2020"]
[Site "Kouty nad Desnou"]
[Date "2020.03.09"]
[Round "4.12"]
[White "Soucek, Andrej"]
[Black "Milek, Tobias"]
[Result "1/2-1/2"]
[ECO "C44"]
[WhiteElo "1043"]
[BlackElo "1163"]
[Annotator "NA"]
[PlyCount "77"]
[EventDate "2020.03.07"]
[EventCountry "CZE"]
[SourceTitle "playchess.com"]
[Source "ChessBase"]
[SourceQuality "1"]
[TimeControl "5400+30"]

1. e4 e5 2. Nf3 Nc6 3. d4 exd4 4. Nxd4 Nf6 5. Nc3 Bb4 6. Nxc6 bxc6 7. Bd3 O-O 8. O-O d5 9. exd5 cxd5 10. Bg5 Be6 11. Qf3 Be7 12. h3 c6 13. Bf5 Rb8 14. Bxe6 fxe6 15. Qe3 Qd7 16. Rfe1 Kf7 17. Rab1 d4 18. Qd3 dxc3 19. bxc3 Qxd3 20. cxd3 h6 21. Bh4 Bd6 22. Rbd1 g5 23. Bg3 Bxg3 24. fxg3 Rb2 25. Ra1 Rd8 26. Red1 Nd5 27. Rdc1 Rd2 28. d4 Rd3 29. Rab1 Nb6 30. a4 Rd7 31. a5 Nc8 32. Rb8 Rc7 33. Rf1+ Kg7 34. Rc1 Rxg3 35. Kf2 Rd3 36. Ke2 Rg3 37. Kf2 Rd3 38. Ke2 Rg3 39. Kf2 1/2-1/2